 Dungeon Crawl Stone Soup version 0.30.1 (webtiles) character file.

Game seed: 14591128333749805504

118 shmup the Firebug (level 5, -2/30 HPs)
             Began as a Tengu Fire Elementalist on July 9, 2023.
             Slain by Natasha (7 damage)
             ... on level 3 of the Dungeon.
             The game lasted 00:11:49 (2567 turns).

shmup the Firebug (Tengu Fire Elementalist)         Turns: 2567, Time: 00:11:50

Health: -2/30      AC:  2    Str:  8    XL:     5   Next: 2%
Magic:  5/9        EV: 15    Int: 17    God:
Gold:   114        SH:  0    Dex: 15    Spells: 5/8 levels left

rFire   . . .        i - +0 dagger
rCold   . . .        (no shield)
rNeg    . . .        a - +0 robe
rPois   .            (helmet restricted)
rElec   .            (no cloak)
rCorr   .            (no gloves)
SInv    .            (boots unavailable)
Will    .....        (no amulet)
Stlth   ++           (no ring)
HPRegen 0.25/turn    (no ring)
MPRegen 0.11/turn

%: no passive effects
@: flying quickly and evasively, quick
A: beak, talons 3, nimble flight
a: no special abilities


You were on level 3 of the Dungeon.
You visited 1 branch of the dungeon, and saw 3 of its levels.

You collected 114 gold pieces.

Inventory:

Hand Weapons
 i - a +0 dagger (weapon)
Missiles
 l - 30 stones (quivered)
 m - 4 boomerangs
Armour
 a - a +0 robe (worn)
Scrolls
 c - 2 scrolls of identify {unknown}
 e - 3 scrolls of vulnerability {unknown}
 g - a scroll of fear {unknown}
 j - a scroll of blinking {unknown}
 o - a scroll of torment {unknown}
 q - 3 scrolls of teleportation {unknown}
 v - a scroll of enchant armour {unknown}
 w - 2 scrolls of noise {unknown}
Potions
 b - a potion of magic
 d - a potion of haste {unknown}
 f - a potion of resistance {unknown}
 h - a potion of berserk rage {unknown}
 k - 2 potions of heal wounds {unknown}
 n - a potion of cancellation {unknown}
 p - a potion of flight {unknown}
 r - 2 potions of attraction {unknown}
 s - a potion of degeneration {unknown}
 t - a potion of ambrosia {unknown}
 u - a potion of curing {unknown}
 x - a potion of might {unknown}


   Skills:
 + Level 2.0 Fighting
 + Level 2.7 Dodging
 + Level 2.7 Stealth
 + Level 2.4 Spellcasting
 + Level 2.1 Conjurations
 * Level 4.2 Fire Magic


You had 5 spell levels left.
You knew the following spells:

 Your Spells              Type           Power      Damage    Failure   Level
a - Foxfire               Conj/Fire      48%        2x1d6     4%          1
b - Scorch                Fire           32%        2d6       4%          2

Your spell library contained the following spells:

 Spells                   Type           Power      Damage    Failure   Level
 Inner Flame              Hex/Fire       9%         N/A       24%         3
 Volatile Blastmotes      Fire/Tloc      18%        2d11      24%         3
 Blink                    Tloc           4%         N/A       28%         2
 Flame Wave               Conj/Fire      12%        2d6       45%         4
 Manifold Assault         Tloc           2%         N/A       88%         4
 Simulacrum               Ice/Necr       1%         N/A       100%        6
 Ozocubu's Refrigeration  Ice            1%         4d7       100%        7
 Storm Form               Tmut/Air       1%         N/A       100%        7
 Polar Vortex             Ice            1%         N/A       100%        9


Dungeon Overview and Level Annotations

Branches:
Dungeon (3/15)

Altars:
Uskayaw

Annotations:
D:1 exclusion: downstairs
D:3 2 exclusions, Natasha, Sigmund


Innate Abilities, Weirdness & Mutations

You have a beak for a mouth.
You have claws for feet.
Your magical nature lets you fly swiftly and evasively.


Message History

The orc is heavily wounded.
The cerulean imp closely misses you. The orc closely misses you.
You hit the orc.
You kill the orc!
The cerulean imp barely misses you.
A quokka comes into view.
You hit the ball python. Your kick misses the ball python.
You peck the ball python.
You kill the ball python!
You hear some strange, mumbled words.
The cerulean imp misses you. The cerulean imp barely misses you.
Something claws you. The cerulean imp barely misses you.
You hit something but do no damage. Your kick misses something.
Something claws you.
The cerulean imp hits you from afar with a +2 spear.
Casting: Scorch (safe; 4% risk of failure)
Confirm with . or Enter, or press ? or * to list all spells.
Flames lash the cerulean imp.
The cerulean imp is moderately wounded.
The cerulean imp's fire resistance burns away.
Something claws you.
* * * LOW HITPOINT WARNING * * *
The cerulean imp misses you.
Unknown command.
Casting: Scorch (safe; 4% risk of failure)
Confirm with . or Enter, or press ? or * to list all spells.
Flames lash the cerulean imp.
The cerulean imp is burned terribly!
You kill the cerulean imp!
The cerulean imp disappears in a puff of smoke!
You hear a shout!
Something claws you but does no damage.
You closely miss something. Your kick misses something.
The cerulean imp misses you. Something barely misses you.
A worm comes into view.
You closely miss something. Your kick misses something. Something claws you!
* * * LOW HITPOINT WARNING * * *
The cerulean imp closely misses you. Something claws you!
You die...

▒▒▒▒▒▒▒ ▒▒▒▒▒▒▒▒. ...5..$
▒........ .......
▒▒........
......S▒▒▒▒▒▒▒▒.........
........................ ..
...w..#▒▒▒▒......▒▒▒.▒▒▒ ..
....<...r)Q..........▒▒▒ ..
.......▒5▒▒▒▒▒▒...▒....▒▒..
..(....▒.▒ ▒▒..........▒.▒
.▒▒▒?..▒.▒ ▒.............▒
...▒▒▒.▒ ▒...........)%.
▒▒▒. ..▒ ▒............▒. ▒
▒▒▒ ▒▒...........▒.
▒▒............ ▒▒
▒▒▒▒..▒...▒..


You could see a worm, a cerulean imp (summoned) and a quokka.

Vanquished Creatures
  Robin (D:1)
  2 adders (D:2)
  2 worms (D:2)
  2 dart slugs (D:1)
  An orc (D:3)
  7 ball pythons
  10 endoplasms
  3 giant cockroaches
  10 hobgoblins
  4 jackals
  3 kobolds (D:1)
  4 quokkas
  4 bats
  2 frilled lizards
  10 goblins
  5 rats
70 creatures vanquished.

Vanquished Creatures (others)
  19 foxfires (D:1)
19 creatures vanquished.

Grand Total: 89 creatures vanquished

Notes
Turn   | Place    | Note
-------+----------+-------------------------------------------
     0 | D:1      | shmup the Tengu Fire Elementalist began the quest for the
                  | Orb.
     0 | D:1      | Reached XP level 1. HP: 10/10 MP: 4/4
   135 | D:1      | Reached XP level 2. HP: 16/16 MP: 4/6
   253 | D:1      | Reached skill level 1 in Fighting
   464 | D:1      | Reached XP level 3. HP: 13/20 MP: 4/7
   514 | D:1      | Learned a level 2 spell: Scorch
   746 | D:2      | Noticed Robin
  1103 | D:2      | Reached skill level 4 in Fire Magic
  1248 | D:2      | Reached XP level 4. HP: 25/25 MP: 1/8
  2076 | D:2      | Found a hide-covered altar of Uskayaw.
  2158 | D:2      | Found a faded altar of an unknown god.
  2225 | D:1      | Killed Robin
  2327 | D:3      | Noticed Sigmund
  2525 | D:3      | Gained mutation: Your magical nature lets you fly swiftly
                  | and evasively. [Tengu growth]
  2525 | D:3      | Reached XP level 5. HP: 30/30 MP: 6/9
  2550 | D:3      | Noticed Natasha
  2567 | D:3      | Slain by Natasha

Illustrated notes

Levels and vault maps discovered:
D:1:      grunt_arrival_lava_bath, layout_rooms, minmay_quantized
D:2:      layout_loops_ring, basic_altar, chequers_ecumenical_altar_grove,
          uniq_robin
D:3:      layout_rooms, grunt_decor_cap, minmay_misc_feat_ornament,
          minmay_misc_feat_more_columns, serial_bayou_lake_a, uniq_natasha,
          uniq_pargi, uniq_sigmund

Skill      XL: |  1  2  3  4 |
---------------+-------------+-----
Fighting       | 1 2 |  2.0
Fire Magic     | 4 |  4.2
Conjurations   | 2 |  2.1
Dodging        | |  2.7
Stealth        | |  2.7
Spellcasting   | |  2.4

Action                     |  1- 3 |  4- 6 || total
---------------------------+-------+-------++-------
  Melee: Unarmed           |    16 |       ||    16
         Kick              |    17 |     2 ||    19
         Peck              |    10 |     3 ||    13
         Dagger            |    58 |    24 ||    82
         Punch             |     1 |       ||     1
   Cast: Foxfire           |    15 |       ||    15
         Scorch            |    18 |    28 ||    46
   Stab: Sleeping          |     1 |       ||     1
 Armour: Robe              |    19 |     4 ||    23
  Dodge: Dodged            |    69 |    31 ||   100
